 Dungeon Crawl Stone Soup version 0.31.0-12-g77e489cdc1 (webtiles) character file.

Game seed: 16571297899154661100

39 Silvore the Trooper (level 3, -5/29 HPs)
             Began as a Demonspawn Fighter on Feb 15, 2024.
             Slain by Sigmund
             ... wielding a +0 scythe
              (8 damage)
             ... on level 2 of the Dungeon.
             The game lasted 00:01:26 (854 turns).

Silvore the Trooper (Demonspawn Fighter)             Turns: 854, Time: 00:01:26

Health: -5/29      AC: 10    Str: 18    XL:     3   Next: 26%
Magic:  3/3        EV:  9    Int:  8    God:
Gold:   62         SH:  4    Dex: 12    Spells: 2/2 levels left

rFire   . . .        a - +1 long sword
rCold   . . .        c - +0 buckler
rNeg    . . .        b - +0 scale mail
rPois   .            f - +2 hat
rElec   .            (no cloak)
rCorr   +            (no gloves)
SInv    .            (no boots)
Will    .....        l - amulet of faith Stlth
                     e - ring of resist corrosion
HPRegen 0.24/turn    (no ring)
MPRegen 0.08/turn

%: faith
@: mighty
A: yellow scales 1
a: no special abilities


You were on level 2 of the Dungeon.
You visited 1 branch of the dungeon, and saw 2 of its levels.

You collected 62 gold pieces.

Inventory:

Hand Weapons
 a - a +1 long sword (weapon)
Armour
 b - a +0 scale mail (worn)
 c - a +0 buckler (worn)
 f - a +2 hat (worn)
Jewellery
 e - a ring of resist corrosion (left hand)
 l - an amulet of faith (around neck)
Scrolls
 g - a scroll of butterflies {unknown}
 i - 2 scrolls of identify
 j - a scroll of vulnerability {unknown}
 k - a scroll of immolation {unknown}
Potions
 h - a potion of ambrosia
 m - a potion of curing {unknown}


   Skills:
 + Level 3.4 Fighting
 + Level 2.3 Long Blades
 + Level 3.1 Armour
 + Level 3.0 Shields


You had 2 spell levels left.
You didn't know any spells.
Your spell library was empty.

Dungeon Overview and Level Annotations

Branches:
Dungeon (2/15)

Altars:

Shops:
D:2 !(

Annotations:
D:2 Sigmund


Innate Abilities, Weirdness & Mutations

You are partially covered in yellow scales. (AC +2)


Message History

The adder bites you but does no damage. x2
You miss the adder.
The adder is moderately wounded.
The adder bites you.
You hit the adder.
The adder is severely wounded.
The adder bites you but does no damage. The adder closely misses you.
Something hits you.
Okay, then.
You feel very mighty all of a sudden. The adder barely misses you.
You closely miss the adder.
The adder is severely wounded.
The adder completely misses you. Something hits you.
The adder bites you but does no damage.
You closely miss the adder.
The adder is severely wounded.
The adder closely misses you. Something hits you.
The adder bites you but does no damage.
You slash the adder!
You kill the adder!
Something hits you. Something hits you.
You see here an adder corpse.
You closely miss something. You barely miss something.
You hear some strange, mumbled words.
A puff of flame appears from out of thin air!
The puff of flame hits you!
* * * LOW HITPOINT WARNING * * *
Something hits you but does no damage.
You miss something.
You hear some strange, mumbled words.
A puff of flame appears from out of thin air!
The puff of flame hits you.
* * * LOW HITPOINT WARNING * * *
You closely miss something. Something hits you.
* * * LOW HITPOINT WARNING * * *
You closely miss something. Something hits you!
You die...

...... #.#..#.....#
.#.#.##..<.#..####
..........###.# . ####.#...# #.#
.. ##...### #.## ...###..#.#
#..# .....>..#.# ##.#
....#.#...# #.# ....#...### #@#
....#..## #{###############
.......#########l..##..........#
...................##..........#
##.#...........................#
##...##...##...................#
#...†.##.......###..#..........#
..........###..................#
...∩........##.##...........<..#


You could see a frilled lizard.

Vanquished Creatures
  An adder (D:2)
  A dart slug (D:1)
  A ball python (D:2)
  A bat (D:2)
  2 endoplasms (D:1)
  3 giant cockroaches
  2 goblins (D:2)
  4 hobgoblins
  4 kobolds
  A quokka (D:1)
  2 frilled lizards
  2 rats
24 creatures vanquished.

Notes
Turn   | Place    | Note
-------+----------+-------------------------------------------
     0 | D:1      | Silvore the Demonspawn Fighter began the quest for the Orb.
     0 | D:1      | Reached XP level 1. HP: 18/18 MP: 1/1
   178 | D:1      | Gained mutation: You are partially covered in yellow
                  | scales. (AC +2) [demonic ancestry]
   178 | D:1      | Reached XP level 2. HP: 24/24 MP: 2/2
   689 | D:2      | Found Pietri's Distillery.
   731 | D:2      | Found Leluntov's Weapon Shop.
   801 | D:2      | Reached XP level 3. HP: 28/29 MP: 3/3
   827 | D:2      | Noticed Sigmund
   854 | D:2      | Slain by Sigmund

Illustrated notes

Levels and vault maps discovered:
D:1:      kennysheep_arrival_seaside, layout_rooms, kennysheep_pointless_box,
          chequers_serial_rivers_room_a
D:2:      minmay_roachtagon, layout_rooms, serial_glass, glass_columns_b,
          glass_columns_a, serial_shops, nicolae_shop_bloodbath_and_beyond,
          nicolae_diamond_shop, nicolae_shop_back_alley_shop,
          serial_bayou_ford_a, uniq_sigmund

Skill      XL: |  1  2 |
---------------+-------+-----
Armour         | 3 |  3.1
Long Blades    | 2 |  2.3
Shields        | 3 |  3.0
Fighting       | |  3.4

Action                     || total
---------------------------++-------
  Melee: Long sword        ||    78
    Use: Scroll            ||     4
         Potion            ||     1
 Armour: Scale mail        ||    59
  Dodge: Dodged            ||    41
  Block: Buckler           ||    14
